[Event "Team 45 45 League T85"]
[Site "Internet Chess Club"]
[Date "2020.07.05"]
[Round "1"]
[White "evan7284"]
[Black "liujf"]
[Result "1-0"]
[WhiteElo "1657"]
[BlackElo "1645"]
[Opening "Queen's pawn: London system"]
[ECO "A45"]
[Time "14:30:30"]
[TimeControl "2700+45"]

1. d4 Nf6 2. Bf4 d5 3. e3 c5 4. c3 Nc6 5. Nd2 e6 6. Bd3 Bd6 7. Bxd6 Qxd6 8. f4
b6 9. Ngf3 Bb7 10. Ne5 O-O 11. Qf3 Ne7 12. O-O Ng6 13. g4 Nd7 14. Qh3 Ndxe5 15.
fxe5 Qe7 16. Qh5 Qh4 17. Bxg6 {Black resigns} 1-0

[Event "Team 45 45 League T85"]
[Site "Internet Chess Club"]
[Date "2020.07.05"]
[Round "1"]
[White "Hal2001"]
[Black "Tjet"]
[Result "1-0"]
[WhiteElo "1470"]
[BlackElo "1309"]
[Opening "Sicilian: closed"]
[ECO "B23"]
[Time "21:03:56"]
[TimeControl "2700+45"]

1. e4 c5 2. Nc3 a6 3. f4 g6 4. Nf3 Bg7 5. g3 e6 6. e5 Ne7 7. Ne4 O-O 8. Nxc5 b6
9. Ne4 Bb7 10. Nf6+ Bxf6 11. exf6 Nd5 12. Bg2 Nxf6 13. O-O d6 14. b3 Nbd7 15.
Bb2 Qc7 16. Rc1 Rac8 17. Qe2 a5 18. c4 Rfe8 19. Kh1 Nh5 20. Nd4 Bxg2+ 21. Qxg2
Qb8 22. Nf3 Nc5 23. Qe2 Qb7 24. d3 Nd7 25. Kg1 Qb8 26. d4 Ng7 27. Nh4 Nf5 28.
Nf3 d5 29. Ne5 Nxe5 30. fxe5 dxc4 31. g4 Ne7 32. bxc4 Qb7 33. Qf3 Qxf3 34. Rxf3
Nc6 35. Rcf1 Rc7 36. Rb3 Rb7 37. Re1 Rd8 38. Re4 Rdd7 39. a3 Na7 40. Rd3 Rdc7
41. d5 exd5 42. cxd5 Rc8 43. e6 fxe6 44. Rxe6 Nb5 45. d6 Rd7 46. a4 Nc7 47. Re7
Rdd8 48. d7 Ra8 49. Rf3 Nd5 50. Rg7+ Kh8 51. Rff7 Nc7 52. Rxh7+ Kg8 53. Rfg7+
Kf8 54. Rh8# {Black checkmated} 1-0

[Event "Team 45 45 League T85"]
[Site "Internet Chess Club"]
[Date "2020.07.01"]
[Round "1"]
[White "DaveTheRook"]
[Black "JeffH"]
[Result "1/2-1/2"]
[WhiteElo "1577"]
[BlackElo "1701"]
[Opening "Budapest: Adler variation"]
[ECO "A52"]
[Time "18:00:15"]
[TimeControl "2700+45"]

1. d4 Nf6 2. c4 e5 3. dxe5 Ng4 4. Nf3 Bc5 5. e3 Nc6 6. h3 Ngxe5 7. Be2 O-O 8.
O-O d6 9. a3 a5 10. Nc3 Nxf3+ 11. Bxf3 Ne5 12. b3 Qg5 13. Ne4 Qf5 14. Nxc5 Nxf3+
15. Qxf3 Qxf3 16. gxf3 dxc5 17. Kh2 Be6 18. Bb2 a4 19. Rg1 f6 20. bxa4 Rxa4 21.
Rad1 Rxc4 22. f4 Rc2 23. Bc1 Rxf2+ 24. Kg3 Rc2 25. Rg2 Rc3 26. Kh2 Kf7 27. h4
Rc4 28. Rdg1 Rg8 29. Bb2 Bf5 30. Bc1 Rc2 31. Rxc2 Bxc2 32. Rg2 Bd3 33. Rb2 b6
34. Rd2 c4 35. Kg3 f5 36. Kf2 Ra8 37. Ke1 Re8 38. Kf2 Re6 39. Bb2 Rc6 40. Bc3
Re6 41. Rb2 Rd6 42. Rb4 Rg6 43. Ra4 Re6 44. Ra7 Re7 45. Be5 {Game drawn by
mutual agreement} 1/2-1/2

[Event "Team 45 45 League T85"]
[Site "Internet Chess Club"]
[Date "2020.07.05"]
[Round "1"]
[White "Redman1"]
[Black "pokerram"]
[Result "1/2-1/2"]
[WhiteElo "1545"]
[BlackElo "1555"]
[Opening "QGD semi-Slav"]
[ECO "D43"]
[Time "14:00:49"]
[TimeControl "2700+45"]

1. d4 Nf6 2. Nf3 d5 3. c4 c6 4. Nc3 e6 5. Bg5 h6 6. Bxf6 Qxf6 7. e3 Bd6 8. Rc1
O-O 9. Qc2 Nd7 10. cxd5 exd5 11. Be2 Re8 12. O-O Nf8 13. a3 Bf5 14. Bd3 Bg4 15.
Be2 Bf5 16. Bd3 Bg4 17. Be2 Bf5 18. Bd3 {Game drawn by repetition} 1/2-1/2

[Event "Team 45 45 League T85"]
[Site "Internet Chess Club"]
[Date "2020.07.06"]
[Round "1"]
[White "Constrictor"]
[Black "GoIrish"]
[Result "1/2-1/2"]
[WhiteElo "1544"]
[BlackElo "1512"]
[Opening "Nimzovich-Larsen attack: Indian variation"]
[ECO "A01"]
[Time "20:02:20"]
[TimeControl "2700+45"]

1. b3 Nf6 2. Bb2 g6 3. e4 d6 4. g3 Bg7 5. Bg2 O-O 6. Ne2 e5 7. O-O Nbd7 8. Nbc3
c6 9. f4 Ng4 10. h3 Qb6+ 11. d4 Ne3 12. Na4 Qd8 13. Qd2 Nxf1 14. Rxf1 exd4 15.
Bxd4 Nf6 16. Rd1 b5 17. Nac3 Qe7 18. e5 dxe5 19. fxe5 Nd7 20. Bxc6 Bxe5 21. Bxa8
Bxd4+ 22. Qxd4 Ne5 23. Qd6 Qg5 24. Bg2 Qe3+ 25. Kh2 Nf3+ 26. Bxf3 Qxf3 27. Qf4
Qh5 28. g4 Qc5 29. Qd4 Qc7+ 30. Kg1 b4 31. Qxb4 Bb7 32. Qd6 Qa5 33. b4 Qg5 34.
Qf4 Qe7 35. Qd6 Qe3+ 36. Kf1 Qxh3+ 37. Ke1 Qxg4 38. Rd4 Qf5 39. Nd5 Bxd5 40.
Qxd5 Qxc2 41. Qa5 Re8 42. Rd2 Qc1+ 43. Rd1 Qc3+ 44. Rd2 Qc1+ 45. Rd1 Qc3+ 46.
Rd2 Qc1+ {Game drawn by repetition} 1/2-1/2

[Event "Team 45 45 League T85"]
[Site "Internet Chess Club"]
[Date "2020.07.03"]
[Round "1"]
[White "xingon"]
[Black "mongmong"]
[Result "1-0"]
[WhiteElo "1391"]
[BlackElo "1434"]
[Opening "Neo-Indian (Seirawan) attack"]
[ECO "E00"]
[Time "19:02:00"]
[TimeControl "2700+45"]

1. c4 e6 2. d4 Nf6 3. Bg5 h6 4. Bh4 Bb4+ 5. Nd2 g5 6. Bg3 Ne4 7. Nf3 h5 8. Qc2
Nxd2 9. Nxd2 h4 10. Be5 Rh6 11. h3 c5 12. a3 Qa5 13. Rd1 Bxd2+ 14. Qxd2 Qxd2+
15. Rxd2 Nc6 16. e3 f6 17. Bd6 cxd4 18. exd4 Ne7 19. Bd3 f5 20. O-O b6 21. Bxe7
Kxe7 22. Re1 Kf7 23. d5 Bb7 24. dxe6+ dxe6 25. Bxf5 exf5 26. Rd7+ Kf8 27. Rxb7
g4 28. Ree7 gxh3 29. gxh3 Rc6 30. b3 a5 31. Rf7+ Kg8 32. Rxf5 a4 33. b4 Rxc4 34.
Rxb6 Rc1+ 35. Kg2 Ra1 36. Rg6+ Kh7 37. Rg4 Rxa3 38. Rh5# {Black checkmated} 1-0

[Event "Team 45 45 League T85"]
[Site "Internet Chess Club"]
[Date "2020.07.02"]
[Round "1"]
[White "Demachaeron"]
[Black "Insan996"]
[Result "1-0"]
[WhiteElo "1738"]
[BlackElo "1631"]
[Opening "Caro-Kann defense"]
[ECO "B10"]
[Time "21:57:58"]
[TimeControl "2700+45"]

1. e4 c6 2. Nf3 d5 3. exd5 cxd5 4. d4 Nf6 5. Be3 Nc6 6. c3 e6 7. Bd3 Bd6 8. O-O
O-O 9. Re1 a6 10. a4 Bd7 11. Nbd2 Ne7 12. Ne5 b5 13. Bg5 b4 14. Bxf6 gxf6 15.
Qh5 Ng6 16. Nxg6 hxg6 17. Bxg6 fxg6 18. Qxg6+ Kh8 19. Re3 e5 20. Qh5+ Kg7 21.
Rg3+ Bg4 22. Rxg4# {Black checkmated} 1-0

[Event "Team 45 45 League T85"]
[Site "Internet Chess Club"]
[Date "2020.07.02"]
[Round "1"]
[White "nidusin2"]
[Black "KidRattler"]
[Result "1-0"]
[WhiteElo "1598"]
[BlackElo "1703"]
[Opening "Queen's pawn: Chigorin variation"]
[ECO "D00"]
[Time "11:01:07"]
[TimeControl "2700+45"]

1. d4 d5 2. Nc3 Nf6 3. Bf4 c6 4. e3 Bf5 5. Nf3 Nbd7 6. Bd3 Bxd3 7. Qxd3 e6 8. h3
Bb4 9. O-O Qa5 10. a3 Bxc3 11. bxc3 Ne4 12. Rfb1 b6 13. Rb3 c5 14. c4 Rc8 15.
cxd5 exd5 16. Rb5 c4 17. Rxa5 cxd3 18. Rxa7 dxc2 19. Rc1 Ndf6 20. Rc7 Rxc7 21.
Bxc7 Nd7 22. Rxc2 O-O 23. Ne5 Nxe5 24. Bxe5 f6 25. Bh2 Ra8 26. f3 Ng5 27. Bd6
Ne6 28. Rb2 Ra6 29. Rc2 Kf7 30. Bb4 Ke8 31. Rc6 Kf7 32. Rd6 g5 33. Rxd5 Ra7 34.
Rb5 Ra6 35. Rd5 Ra7 36. Rd6 Rb7 37. Kf2 Ng7 38. e4 h5 39. d5 h4 40. Rc6 Nh5 41.
d6 Ke6 42. Rc7 Rxc7 43. dxc7 Kd7 44. Bc3 Kxc7 45. Ke3 Kd6 46. Kd4 Nf4 47. Kc4
Ke7 48. Kb5 Nxg2 49. Bd2 Ke6 50. Kxb6 Ke5 51. a4 Nf4 52. Bxf4+ Kxf4 53. a5 Kxf3
54. a6 g4 55. hxg4 h3 56. a7 h2 57. e5 fxe5 58. a8=Q+ e4 59. Qh8 Kg2 60. Qb2+
Kg3 61. Qc3+ Kg2 62. Qd2+ Kh3 63. Qe3+ Kh4 64. Qxe4 h1=N 65. Qxh1+ Kg5 66. Qh5+
Kf6 67. Kc6 Kg7 68. g5 Kg8 69. Qg6+ Kh8 70. Qf6+ Kh7 71. Kd6 Kg8 72. Ke6 Kh7 73.
Qf7+ Kh8 74. Qa7 Kg8 75. Kf6 Kh8 76. Qg7# {Black checkmated} 1-0

[Event "Team 45 45 League T85"]
[Site "Internet Chess Club"]
[Date "2020.07.03"]
[Round "1"]
[White "Validus"]
[Black "Kingfisher75"]
[Result "1/2-1/2"]
[WhiteElo "1401"]
[BlackElo "1538"]
[Opening "Ruy Lopez: Berlin defense, open variation"]
[ECO "C67"]
[Time "19:05:34"]
[TimeControl "2700+45"]

1. e4 e5 2. Nf3 Nc6 3. Bb5 Nf6 4. O-O Nxe4 5. Re1 Nd6 6. Bxc6 dxc6 7. Nxe5 Be7
8. d4 O-O 9. c3 Be6 10. Nd2 Re8 11. Qc2 Bf5 12. Qb3 Be6 13. Qd1 Bf6 14. f4 Bxe5
15. fxe5 Nc4 16. Nf3 Bg4 17. Qd3 Bxf3 18. Qxf3 Qd5 19. b3 Qxf3 20. gxf3 Nd6 21.
Kf2 Nf5 22. Be3 Rad8 23. Rad1 Nxe3 24. Rxe3 c5 25. d5 g5 26. c4 Kg7 27. Rg1 h6
28. h4 f6 29. e6 Rd6 30. f4 c6 31. Rd3 Rexe6 32. dxe6 Rxd3 33. e7 Kf7 34. Re1
Ke8 35. hxg5 hxg5 36. fxg5 fxg5 37. Re2 b5 38. cxb5 cxb5 39. Rc2 Kxe7 40. Rxc5
a6 41. Ke2 Rh3 42. Rxg5 Rh2+ 43. Kd3 Rxa2 44. Kc3 Ra1 45. Kb4 Kf6 46. Rh5 Ke6
47. Kc5 {Game drawn by mutual agreement} 1/2-1/2

[Event "Team 45 45 League T85"]
[Site "Internet Chess Club"]
[Date "2020.07.05"]
[Round "1"]
[White "seattleblues"]
[Black "bardu"]
[Result "1/2-1/2"]
[WhiteElo "1252"]
[BlackElo "1321"]
[Opening "Queen's Indian: 4.Nc3"]
[ECO "E12"]
[Time "21:16:39"]
[TimeControl "2700+45"]

1. d4 Nf6 2. Nf3 e6 3. c4 b6 4. Nc3 Bb4 5. Qc2 Bb7 6. a3 Bxc3+ 7. Qxc3 O-O 8.
Bg5 d6 9. e3 Nbd7 10. Be2 Qe8 11. Bh4 Ne4 12. Qc2 f5 13. O-O Qh5 14. Rad1 g5 15.
Nxg5 Qxh4 16. Nxe6 Rf6 17. Nxc7 Rh6 18. h3 Rf8 19. d5 Ne5 20. Ne6 Rff6 21. Nf4
Ng6 22. Qa4 Nxf4 23. exf4 Qxf4 24. Rd3 Nc5 25. Rg3+ Qxg3 26. Qe8+ Rf8 27. Qxf8+
Kxf8 28. fxg3 Ne4 29. Rxf5+ Kg7 30. g4 Ng3 31. Rf2 Nxe2+ 32. Rxe2 Rf6 33. Re7+
Rf7 34. Rxf7+ Kxf7 35. Kf2 Kf6 36. Ke3 Ke5 37. b3 Bc8 38. g5 Bf5 39. h4 Bg4 40.
g3 Kf5 41. Kd4 Bd1 42. b4 Kg4 43. Ke3 Kxg3 44. Ke4 Kxh4 45. Kf5 Bc2+ 46. Kf6 Bg6
47. Ke7 Kxg5 48. Kxd6 h5 49. Kc7 Bf5 50. d6 h4 51. c5 h3 52. c6 h2 53. d7 h1=Q
54. d8=Q+ Kf4 55. Qd6+ Kg5 56. Qe7+ Kf4 57. Qd6+ Kg5 58. Qe7+ Kf4 59. Qd6+ {Game
drawn by repetition} 1/2-1/2

[Event "Team 45 45 League T85"]
[Site "Internet Chess Club"]
[Date "2020.07.03"]
[Round "1"]
[White "Ohanessian"]
[Black "laurenpar"]
[Result "1-0"]
[WhiteElo "1966"]
[BlackElo "1867"]
[Opening "French: Réti (Spielmann) variation"]
[ECO "C00"]
[Time "20:34:25"]
[TimeControl "2700+45"]

1. e4 e6 2. b3 d5 3. Bb2 Nf6 4. e5 Nfd7 5. Nf3 c5 6. d4 Nc6 7. dxc5 Bxc5 8. Bd3
Qc7 9. Qe2 Nb4 10. Nc3 Nxd3+ 11. cxd3 Be7 12. Rc1 Qd8 13. O-O a6 14. Rc2 O-O 15.
Rfc1 Nb8 16. Na4 Nc6 17. a3 f6 18. Nc5 fxe5 19. Nxe5 Nxe5 20. Bxe5 b6 21. Na4
Bd6 22. Bxd6 Qxd6 23. Rc6 Qxa3 24. Nxb6 Bb7 25. Qxe6+ Kh8 26. Nxa8 {Black
resigns} 1-0

[Event "Team 45 45 League T85"]
[Site "Internet Chess Club"]
[Date "2020.07.05"]
[Round "1"]
[White "ulfbert"]
[Black "bobhill"]
[Result "1-0"]
[WhiteElo "1767"]
[BlackElo "1861"]
[Opening "English: symmetrical variation"]
[ECO "A38"]
[Time "14:11:41"]
[TimeControl "2700+45"]

1. c4 c5 2. g3 Nc6 3. Bg2 g6 4. Nc3 Bg7 5. Nf3 Nf6 6. d4 cxd4 7. Nxd4 O-O 8. O-O
Nxd4 9. Qxd4 d6 10. Qd3 Ng4 11. b3 Rb8 12. Bb2 Bd7 13. h3 Ne5 14. Qd2 Bc6 15. e4
Bd7 16. f4 Nc6 17. Nd5 f6 18. Rad1 Be6 19. Kh2 Qc8 20. b4 Bxd5 21. exd5 Nd8 22.
Qc3 Nf7 23. Rfe1 Qc7 24. c5 dxc5 25. bxc5 Rbc8 26. c6 Nd6 27. Re6 Rfe8 28. Rde1
a5 29. a4 b5 30. axb5 Nxb5 31. Qc5 Nd6 32. Ba3 Kf7 33. Kh1 Rb8 34. g4 Bf8 35.
Qf2 Nc4 36. Bc1 Nd6 37. Qh4 Kg7 38. f5 g5 39. Bxg5 fxg5 40. Qxg5+ Kh8 41. Qh5
Bg7 42. Bf1 a4 43. f6 Bxf6 44. Bd3 Kg7 45. Qxh7+ Kf8 46. Qh6+ Bg7 47. Rf1+ Nf7
48. Qg6 Bf6 49. g5 Qg3 50. gxf6 Qxh3+ 51. Kg1 exf6 52. Rexf6 Qe3+ 53. R1f2 Qe1+
54. Kg2 Re7 55. Rxf7+ {Black resigns} 1-0

[Event "Team 45 45 League T85"]
[Site "Internet Chess Club"]
[Date "2020.07.07"]
[Round "1"]
[White "haofangzhu"]
[Black "QuieroAprender"]
[Result "0-1"]
[WhiteElo "1796"]
[BlackElo "1678"]
[Opening "Ruy Lopez: Marshall counter-attack, 11...c6"]
[ECO "C89"]
[Time "19:34:27"]
[TimeControl "2700+45"]

1. e4 e5 2. Nf3 Nc6 3. Bb5 a6 4. Ba4 Nf6 5. O-O b5 6. Bb3 Be7 7. Re1 O-O 8. c3
d5 9. exd5 Nxd5 10. Nxe5 Nxe5 11. Rxe5 c6 12. d3 Bd6 13. Re1 Bf5 14. Qf3 Re8 15.
Rxe8+ Qxe8 16. Qd1 Bg4 17. f3 Bf5 18. Bxd5 cxd5 19. d4 Ra7 20. Nd2 Re7 21. Nf1
Bxh2+ 22. Kf2 Bd6 23. Ne3 Bg6 24. Nxd5 Re1 25. Qd2 Rh1 26. b3 Qd8 27. Nf4 Qh4+
28. g3 Qh2+ 29. Ke3 Qxg3 30. Ne2 Re1 31. Qxe1 Qxe1 32. Bb2 Bf4+ 33. Kxf4 Qxe2
34. Ba3 Qd2+ 35. Kg3 Qxc3 36. Rc1 Bc2 37. Bb4 Qxb4 38. Rxc2 Qe1+ 39. Kf4 g5+ 40.
Kg4 Qh4+ {White resigns} 0-1

[Event "Team 45 45 League T85"]
[Site "Internet Chess Club"]
[Date "2020.07.05"]
[Round "1"]
[White "cadmiumorange"]
[Black "fileman"]
[Result "1/2-1/2"]
[WhiteElo "1764"]
[BlackElo "1896"]
[Opening "KP: Nimzovich defense"]
[ECO "B00"]
[Time "09:03:50"]
[TimeControl "2700+45"]

1. e4 Nc6 2. Nf3 d6 3. d4 e5 4. dxe5 Nxe5 5. Nxe5 dxe5 6. Qxd8+ Kxd8 7. Bc4 f6
8. Nc3 c6 9. Be3 Ke7 10. O-O-O Be6 11. Bc5+ Kf7 12. Rd7+ Be7 13. Bxe7 Nxe7 14.
Bxe6+ Kxe6 15. Rxb7 Rhb8 16. Rxb8 Rxb8 17. Rd1 g6 18. Rd3 f5 19. h4 h6 20. f3 g5
21. hxg5 hxg5 22. Na4 Rb5 23. Rc3 fxe4 24. Nc5+ Kf5 25. Nxe4 Rd5 26. Ra3 a5 27.
Nc3 Rc5 28. Ne4 Rd5 29. Nc3 {Game drawn by mutual agreement} 1/2-1/2

[Event "Team 45 45 League T85"]
[Site "Internet Chess Club"]
[Date "2020.07.07"]
[Round "1"]
[White "Eric1127"]
[Black "PolishRyszard"]
[Result "0-1"]
[WhiteElo "1769"]
[BlackElo "1807"]
[Opening "Philidor: Improved Hanham variation"]
[ECO "B07"]
[Time "13:00:47"]
[TimeControl "2700+45"]

1. e4 d6 2. d4 Nf6 3. Nc3 Nbd7 4. Nf3 e5 5. dxe5 dxe5 6. Bc4 Be7 7. O-O c6 8. a4
Qc7 9. Re1 h6 10. b3 Nf8 11. Bb2 Ng6 12. Na2 O-O 13. Nc1 Bg4 14. h3 Rad8 15. Nd3
Bxf3 16. Qxf3 b5 17. axb5 cxb5 18. Bxb5 Qxc2 19. Rec1 Qxb3 20. Bc4 Qb8 21. Rab1
Qa8 22. Nxe5 Nxe5 23. Bxe5 Qxe4 24. Bxf6 Qxf3 25. gxf3 Bxf6 26. Rb7 Bd4 27. Bb3
Rd6 28. Rcc7 Rf6 29. Kg2 Rg6+ 30. Kf1 Rf6 31. Ke2 h5 32. Kd3 Bxf2 33. Ke2 Bb6
34. Re7 g6 35. Bd5 Bc5 36. Red7 a5 37. Kd3 Rf4 38. Kc3 Kg7 39. h4 Bf2 40. Kd3
Bxh4 41. Ke3 Rf6 42. Kd4 Be1 43. Ke4 h4 44. f4 Bg3 45. f5 Rxf5 46. Be6 Re5+
{White resigns} 0-1

[Event "Team 45 45 League T85"]
[Site "Internet Chess Club"]
[Date "2020.07.05"]
[Round "1"]
[White "walkover"]
[Black "LookImYourVader"]
[Result "1/2-1/2"]
[WhiteElo "1745"]
[BlackElo "1785"]
[Opening "Benoni: 6.e4"]
[ECO "A65"]
[Time "14:00:57"]
[TimeControl "2700+45"]

1. d4 c5 2. d5 Nf6 3. c4 e6 4. Nc3 exd5 5. cxd5 d6 6. e4 g6 7. f3 Bg7 8. Bg5 O-O
9. Qd2 a6 10. a4 Re8 11. Nge2 Nbd7 12. Ng3 Qa5 13. Ra3 h5 14. Be2 Nh7 15. Bf4
Ne5 16. O-O Bd7 17. Nh1 Qb4 18. Nf2 Rab8 19. Qc2 Qa5 20. Bd2 Qc7 21. a5 Nf6 22.
h3 Bc8 23. f4 Ned7 24. Bd3 c4 25. Be2 b5 26. axb6 {Game drawn by mutual
agreement} 1/2-1/2

[Event "Team 45 45 League T85"]
[Site "Internet Chess Club"]
[Date "2020.07.02"]
[Round "1"]
[White "Ehab"]
[Black "pishd"]
[Result "1-0"]
[WhiteElo "1846"]
[BlackElo "1795"]
[Opening "French: Rubinstein variation"]
[ECO "C10"]
[Time "07:04:40"]
[TimeControl "2700+45"]

1. e4 e6 2. d4 d5 3. Nc3 dxe4 4. Nxe4 Nd7 5. Nf3 Ngf6 6. Bg5 h6 7. Bh4 Be7 8.
Qd3 Nxe4 9. Qxe4 Bxh4 10. Nxh4 Nf6 11. Qe5 O-O 12. O-O-O Qd5 13. h3 Qxa2 14. Rd3
Rd8 15. Qxc7 Bd7 16. Ra3 Qd5 17. Nf3 Rdc8 18. Qf4 Qe4 19. Qd2 b5 20. Bd3 Qb7 21.
Re1 Bc6 22. Ne5 Bd5 23. f3 a5 24. Rxa5 Rxa5 25. Qxa5 b4 26. Kd2 Ra8 27. Qc5 Ra2
28. Nc4 {Black forfeits on time} 1-0

[Event "Team 45 45 League T85"]
[Site "Internet Chess Club"]
[Date "2020.07.03"]
[Round "1"]
[White "fishhead"]
[Black "LookImYourVader"]
[Result "1-0"]
[WhiteElo "1725"]
[BlackElo "1787"]
[Opening "Scandinavian: Marshall variation"]
[ECO "B01"]
[Time "15:00:40"]
[TimeControl "2700+45"]

1. e4 d5 2. exd5 Nf6 3. d4 Nxd5 4. c4 Nb6 5. Be3 g6 6. Nc3 Bg7 7. Qd2 O-O 8. f3
c6 9. O-O-O e5 10. g4 exd4 11. Bxd4 Bxd4 12. Qxd4 Qxd4 13. Rxd4 Be6 14. b3 N8d7
15. Nh3 Nc5 16. Nf4 Rfd8 17. Rxd8+ Rxd8 18. Kc2 Bc8 19. h4 Ne6 20. Nd3 Nd4+ 21.
Kc1 Nxf3 22. Ne4 Kg7 23. g5 Bf5 24. Ndc5 Bxe4 25. Nxe4 Rd4 26. Nc5 Rxh4 27. Rxh4
Nxh4 28. Nxb7 Nf3 29. Bg2 Nxg5 30. Bxc6 Ne6 31. Kd2 h5 32. Ke3 f5 33. c5 Nc8 34.
Bd5 Nc7 35. Bc4 Kf6 36. b4 g5 37. Nd8 Ne7 38. b5 f4+ 39. Ke4 Ned5 40. Kd4 h4 41.
Nc6 h3 42. Ne5 Ne7 43. b6 axb6 44. cxb6 Nc6+ 45. Nxc6 h2 46. bxc7 h1=Q 47. c8=Q
Qg1+ 48. Kd5 Qg2+ 49. Kc5 Qf2+ 50. Nd4 g4 {Black resigns} 1-0

[Event "Team 45 45 League T85"]
[Site "Internet Chess Club"]
[Date "2020.07.05"]
[Round "1"]
[White "trombone"]
[Black "Goli"]
[Result "0-1"]
[WhiteElo "1769"]
[BlackElo "1771"]
[Opening "Robatsch (modern) defense"]
[ECO "B06"]
[Time "14:00:53"]
[TimeControl "2700+45"]

1. e4 g6 2. d4 Bg7 3. Nc3 d6 4. Be3 Nf6 5. Qd2 Nc6 6. f3 a6 7. O-O-O h5 8. h4 b5
9. Nh3 Bd7 10. Nf2 b4 11. Nb1 a5 12. Be2 Qb8 13. g4 a4 14. g5 Ng8 15. f4 b3 16.
cxb3 axb3 17. a3 e6 18. Nc3 Nge7 19. d5 exd5 20. exd5 Nb4 21. Bd4 Na2+ 22. Kb1
Nxc3+ 23. Qxc3 Bxd4 24. Qxd4 O-O 25. Ne4 Bf5 26. Bd3 Bxe4 27. Bxe4 Qc8 28. Rd3
Rb8 29. Qc4 Qg4 30. Bf3 Qf5 31. Ka1 Rb7 32. Bd1 Rfb8 33. Re1 Kf8 34. Bxb3 Rb5
35. Ree3 Rc5 36. Qe4 Qd7 37. Bc4 Nf5 38. Rh3 Qa4 39. Rc3 Rb4 40. b3 Qxa3+ 41.
Kb1 Rcxc4 42. Qxc4 Rxc4 43. bxc4 Qb4+ 44. Kc2 Qa4+ 45. Kd2 Qa2+ 46. Rc2 Qa1
{White resigns} 0-1

[Event "Team 45 45 League T85"]
[Site "Internet Chess Club"]
[Date "2020.07.04"]
[Round "1"]
[White "cityprosecutor"]
[Black "rookmaster23"]
[Result "1/2-1/2"]
[WhiteElo "1690"]
[BlackElo "1615"]
[Opening "Sicilian defense"]
[ECO "B20"]
[Time "22:02:35"]
[TimeControl "2700+45"]

1. e4 c5 2. d3 Nc6 3. g3 g6 4. f4 Bg7 5. Bg2 e6 6. Nf3 Nge7 7. O-O O-O 8. c3 d5
9. Qe2 b6 10. Na3 Ba6 11. e5 Rc8 12. Rb1 b5 13. b4 cxb4 14. cxb4 Nf5 15. Nc2
Qb6+ 16. Kh1 Rfd8 17. g4 Nfd4 18. Ncxd4 Nxd4 19. Nxd4 Qxd4 20. Be3 Qc3 21. Bc5
Rxc5 22. bxc5 Qxc5 23. Rfc1 Qd4 24. Qd2 Rb8 25. Rb4 Qb6 26. a4 Bf8 27. Rb3 {Game
drawn by mutual agreement} 1/2-1/2

[Event "Team 45 45 League T85"]
[Site "Internet Chess Club"]
[Date "2020.07.05"]
[Round "1"]
[White "Rookmaster"]
[Black "Egmont"]
[Result "0-1"]
[WhiteElo "1594"]
[BlackElo "1741"]
[Opening "French defense"]
[ECO "C00"]
[Time "07:01:53"]
[TimeControl "2700+45"]

1. e4 e6 2. Nf3 c6 3. Nc3 d5 4. d4 Nf6 5. e5 Nfd7 6. Bd3 c5 7. dxc5 Nxc5 8. Bb5+
Bd7 9. Bxd7+ Ncxd7 10. Bf4 Qb6 11. O-O Qxb2 12. Qd3 Qb6 13. Rfb1 Qc6 14. Nd4 Qc8
15. Ncb5 Nc5 16. Qc3 Nba6 17. Nd6+ Bxd6 18. exd6 O-O 19. Nb5 Qd7 20. Nc7 Rac8
21. Nxa6 Nxa6 22. Qg3 Rxc2 23. Qb3 Rc4 24. Bg3 Rfc8 25. h3 Nc5 26. Qf3 b6 27.
Re1 Nb7 28. Rad1 Nxd6 29. Be5 Ne8 30. Bb2 Qa4 31. a3 Rf4 32. Qg3 Re4 33. Rf1 Re2
34. Rd4 Qd7 35. Ba1 e5 36. Rdd1 d4 37. Rc1 Rec2 38. Rxc2 Rxc2 39. Qxe5 d3 40.
Re1 Kf8 41. Qb8 d2 42. Rxe8+ Qxe8 43. Bxg7+ Kxg7 44. Qxe8 d1=Q+ 45. Kh2 Qd6+
{White resigns} 0-1

[Event "Team 45 45 League T85"]
[Site "Internet Chess Club"]
[Date "2020.07.06"]
[Round "1"]
[White "Zugzwanged"]
[Black "ChessJayden"]
[Result "0-1"]
[WhiteElo "1662"]
[BlackElo "1676"]
[Opening "Sicilian: Grand Prix attack"]
[ECO "B23"]
[Time "14:07:54"]
[TimeControl "2700+45"]

1. e4 c5 2. Nc3 Nc6 3. f4 e6 4. Nf3 d5 5. Bb5 Nf6 6. Qe2 Be7 7. O-O O-O 8. Bxc6
bxc6 9. d3 Ba6 10. b3 Nd7 11. Na4 Nb6 12. Nb2 Qc7 13. Bd2 Bf6 14. e5 Be7 15. c4
Rac8 16. Nd1 Rfe8 17. Ne3 Qb7 18. g4 f6 19. Qg2 fxe5 20. Nxe5 Bf6 21. Rab1 Bxe5
22. fxe5 Rf8 23. Nc2 Rxf1+ 24. Rxf1 Qe7 25. Bf4 Bb7 26. Ne1 a5 27. h3 a4 28. Nf3
axb3 29. axb3 Nd7 30. Ra1 Ra8 31. Qb2 Rxa1+ 32. Qxa1 Qf8 33. Qc1 h6 34. Kg2 g5
35. Bd2 d4 36. Ba5 Qc8 37. Qe1 Nf8 38. Nd2 Ng6 39. Ne4 Nf4+ 40. Kg3 Nxd3 41. Qf1
Nf4 42. Nxc5 Ba8 43. Qf2 Qb8 44. b4 Qxe5 45. Qf3 Nd3+ {White resigns} 0-1

[Event "Team 45 45 League T85"]
[Site "Internet Chess Club"]
[Date "2020.07.03"]
[Round "1"]
[White "eevee11"]
[Black "Yedixon"]
[Result "0-1"]
[WhiteElo "1440"]
[BlackElo "1604"]
[Opening "Pirc: Ufimtsev-Pytel variation"]
[ECO "B07"]
[Time "13:07:01"]
[TimeControl "2700+45"]

1. e4 d6 2. d4 Nf6 3. Nc3 c6 4. f4 Qa5 5. Bd3 e5 6. Nf3 exd4 7. Nxd4 g6 8. O-O
Bg7 9. Re1 Qb6 10. Be3 Ng4 11. Na4 Nxe3 12. Nxb6 Nxd1 13. Nxa8 Bxd4+ 14. Kf1
Ne3+ 15. Ke2 Nxg2 16. Rf1 Bg4+ 17. Kd2 O-O 18. c3 Be3+ 19. Kc2 Nd7 20. Rh1 Rxa8
21. h3 Bh5 22. Rh2 Nxf4 23. Re1 Nxd3 24. Kxd3 Bf4 25. Rg2 Ne5+ 26. Kc2 Re8 27.
Rf1 Bh6 28. Rgf2 Re7 29. Rf6 Nc4 30. Re1 d5 31. b3 Ne3+ 32. Kb2 Rxe4 33. Rd6
Nc4+ 34. bxc4 Rxe1 35. Rd8+ Kg7 36. cxd5 Rd1 37. d6 Bg5 38. Rd7 Bf4 39. Rxb7
Bxd6 40. Rxa7 Bf3 41. Rd7 Ba3+ 42. Kxa3 Rxd7 43. Kb4 Bd5 44. a4 f5 45. a5 f4 46.
Kc5 f3 47. Kb6 f2 48. a6 f1=Q 49. a7 Qb5# {White checkmated} 0-1

[Event "Team 45 45 League T85"]
[Site "Internet Chess Club"]
[Date "2020.07.05"]
[Round "1"]
[White "doudou2011"]
[Black "aec7r3b"]
[Result "0-1"]
[WhiteElo "1563"]
[BlackElo "1499"]
[Opening "Neo-Grünfeld, 6.O-O c6"]
[ECO "D78"]
[Time "13:00:26"]
[TimeControl "2700+45"]

1. d4 Nf6 2. Nf3 g6 3. g3 Bg7 4. Bg2 O-O 5. O-O d5 6. c4 c6 7. Nc3 Nbd7 8. cxd5
cxd5 9. b3 b6 10. Bb2 Ba6 11. Ne5 e6 12. Nxd7 Qxd7 13. Rc1 Rac8 14. Re1 Rc7 15.
e4 dxe4 16. Nxe4 Rfc8 17. Rxc7 Rxc7 18. Nxf6+ Bxf6 19. Qd2 Rc8 20. Rd1 Rd8 21.
Qf4 Bg7 22. Rc1 Bxd4 23. Rc7 Bxf2+ 24. Kxf2 Qd2+ 25. Kg1 Qxf4 26. gxf4 Rd1+ 27.
Kf2 Rd2+ 28. Kg3 Rxb2 29. Rxa7 Bd3 30. Ra8+ Kg7 31. Bc6 Bb1 32. Ra6 Bxa2 33.
Rxb6 Rxb3+ 34. Rxb3 Bxb3 35. Be4 Kf6 36. Kh4 Bd1 37. Kg3 e5 38. Bd5 exf4+ 39.
Kxf4 g5+ 40. Kg3 Bh5 41. Be4 Bg6 42. Bf3 h5 43. h3 Ke5 44. Kf2 Kf4 45. Kg2 Be4
46. Bxe4 Kxe4 47. Kg3 f5 48. Kg2 f4 49. Kf2 f3 50. Kf1 Kf4 51. Kf2 g4 52. hxg4
hxg4 53. Kf1 g3 54. Kg1 f2+ 55. Kg2 Ke3 56. Kf1 g2+ 57. Kxg2 Ke2 58. Kh2 f1=Q
59. Kg3 Qf2+ 60. Kg4 Qf3+ 61. Kg5 Ke3 62. Kh4 Qg2 63. Kh5 Qg3 {White resigns}
0-1

[Event "Team 45 45 League T85"]
[Site "Internet Chess Club"]
[Date "2020.07.04"]
[Round "1"]
[White "ascoli"]
[Black "noblitz-oblige"]
[Result "1/2-1/2"]
[WhiteElo "1576"]
[BlackElo "1470"]
[Opening "Réti opening"]
[ECO "A04"]
[Time "01:06:51"]
[TimeControl "2700+45"]

1. Nf3 Nc6 2. g3 e5 3. d3 Nf6 4. Bg2 h6 5. O-O Bc5 6. Nbd2 O-O 7. e4 d6 8. a4 a6
9. h3 Be6 10. Nh4 Nh7 11. Nf5 Nd4 12. Qg4 Qf6 13. Qd1 Bxf5 14. exf5 Nxf5 15.
Bxb7 Rab8 16. Ne4 Qg6 17. Nxc5 dxc5 18. Bxa6 Nxg3 19. fxg3 Qxg3+ 20. Kh1 Qxh3+
21. Kg1 Qg3+ {Game drawn by mutual agreement} 1/2-1/2